[Event "*** Titled Tuesday Blitz"]
[Site "Chess.com"]
[Date "2020.05.26"]
[Round "3"]
[White "gena217"]
[Black "CaspiIsrael"]
[Result "1-0"]
[WhiteElo "2845"]
[BlackElo "2615"]
[TimeControl "180+1"]
[EndTime "10:26:08 PDT"]
[Termination "gena217 won by checkmate"]

1. e4 d5 2. exd5 Qxd5 3. Nc3 Qd6 4. d4 Nf6 5. Nf3 a6 6. g3 Bg4 7. Bg2 Nc6 8. O-O O-O-O 9. d5 Ne5 10. Bf4 Nxf3+ 11.
Bxf3 Bxf3 12. Qxf3 e5 13. dxe6 Qxe6 14. Rfe1 Qh3 15. Bg5 Bc5 16. Bxf6 gxf6 17. Ne4 Bd4 18. c3 Bb6 19. a4 a5 20. b4 h5 21. bxa5 Bxa5 22.
Nc5 c6 23. Nxb7 Kxb7 24. Rab1+ Kc7 25. Qf4+ Kd7 26. Rb7+ Kc8 27. Qb8# 1-0

[Event "*** Titled Tuesday Blitz"]
[Site "Chess.com"]
[Date "2020.05.26"]
[Round "3"]
[White "AGW2016"]
[Black "chessplayer9919"]
[Result "0-1"]
[WhiteElo "2216"]
[BlackElo "2484"]
[TimeControl "180+1"]
[EndTime "10:26:11 PDT"]
[Termination "chessplayer9919 won by resignation"]

1. e4 c6 2. d3 d5 3. Nf3 Bg4 4. Be2 Nd7 5. O-O e6 6. h3 Bxf3 7. Bxf3 Ngf6 8. c3 Bd6 9. Nd2 O-O 10. Qc2 Qc7 11. d4 e5 12. exd5 cxd5 13. dxe5 Nxe5 14.
Be2 d4 15. Nf3 d3 16. Bxd3 Nxf3+ 17. gxf3 h6 18. Be3 Nd5 19. Be4 Nf4 20. Bxf4 Bxf4 21. Rad1 Qe7 22. Rd5 g6 23. Rfd1 Qh4 24. Kg2 Rae8 25.
Rd7 Re5 26. R1d5 Rfe8 27. Rxe5 Rxe5 28. Rd5 Rxd5 29. Bxd5 Qg5+ 30. Kh1 Qxd5 31. Qe4 Qxe4 32. fxe4 Kg7 33. Kg2 Kf6 34. Kf3 Ke5 35. b4 g5 36.
a4 h5 37. c4 f6 38. c5 Bd2 39. b5 Bb4 40. c6 bxc6 41. bxc6 Kd6 42. e5+ fxe5 43. Ke4 Bd2 44. f3 Bf4 0-1

[Event "*** Titled Tuesday Blitz"]
[Site "Chess.com"]
[Date "2020.05.26"]
[Round "3"]
[White "TrenerChos"]
[Black "bmt011"]
[Result "1-0"]
[WhiteElo "2376"]
[BlackElo "2068"]
[TimeControl "180+1"]
[EndTime "10:26:14 PDT"]
[Termination "TrenerChos won by checkmate"]

1. e4 e6 2. d4 d5 3. Nc3 Nf6 4. e5 Nfd7 5. f4 c5 6. Nf3 Nc6 7. Be3 cxd4 8. Nxd4 Qb6 9. a3 Nxd4 10. Bxd4 Bc5 11.
Nb5 O-O 12. b4 Bxd4 13. Qxd4 Qxd4 14. Nxd4 a6 15. c4 dxc4 16. Bxc4 Nb6 17. Be2 Rd8 18. Nb3 Nd5 19. g3 Bd7 20. Bf3 Bc6 21. Kf2 Nxb4 22. axb4 Bxf3 23. Rhc1 Bd5 24. Nc5 h6 25. Ke3 f6 26.
exf6 gxf6 27. Rc3 Kf7 28. Rac1 h5 29. Na4 Bc6 30. Nb6 Rab8 31. Nc4 h4 32. Na5 Bd5 33.
Rc7+ Kg6 34. g4 f5 35. g5 h3 36. Nc4 Bxc4 37. R1xc4 Rd1 38. Re7 Rbd8 39. Rxe6+ Kh5 40.
Rc3 R8d2 41. Kf3 Rxh2 42. Rh6# 1-0

[Event "*** Titled Tuesday Blitz"]
[Site "Chess.com"]
[Date "2020.05.26"]
[Round "3"]
[White "Gabrielian_Artur"]
[Black "Thee-Chessboy"]
[Result "1-0"]
[WhiteElo "2757"]
[BlackElo "2522"]
[TimeControl "180+1"]
[EndTime "10:26:15 PDT"]
[Termination "Gabrielian_Artur won by checkmate"]

1. e4 c5 2. Nc3 d6 3. d4 cxd4 4. Qxd4 Nc6 5. Qd2 g6 6. b3 Bh6 7.
f4 e5 8. Nb5 Bxf4 9. Qxd6 Qxd6 10. Nxd6+ Ke7 11. Ba3 Kf6 12. Ne8+ Kg5 13. h4+ Kh6 14.
Bf8+ Kh5 15. Ng7+ Kg4 16. Be2+ Kg3 17. Bf3 Nd4 18. Ne2+ Nxe2 19. Kxe2 Bg4 20. Bc5 Bh6 21. Bf2+ Kf4 22. g3# 1-0

[Event "*** Titled Tuesday Blitz"]
[Site "Chess.com"]
[Date "2020.05.26"]
[Round "3"]
[White "Dmitry_Konenkin"]
[Black "Swarajan"]
[Result "0-1"]
[WhiteElo "2216"]
[BlackElo "2059"]
[TimeControl "180+1"]
[EndTime "10:26:16 PDT"]
[Termination "Swarajan won by resignation"]

1. d4 Nf6 2. Bg5 c5 3. Nc3 cxd4 4. Qxd4 Nc6 5. Qh4 g6 6. O-O-O Bg7 7. e4 d6 8. f4 Qa5 9. Nf3 h6 10. Bxf6 Bxf6 11. Qe1 Nb4 12. a3 Bxc3 13. bxc3 Qxa3+ 14. Kd2 Na2 15. Qe3 Be6 16. Bb5+ Kf8 17. Nd4 Rc8 18. Ne2 a6 19. Qd4 Kg8 20. Bd3 Bg4 21.
c4 Bxe2 22. Bxe2 Qb4+ 23. Ke3 Nc3 24. Rc1 Nxe2 25. Kxe2 Rxc4 26. Qd3 Rxe4+ 0-1

[Event "*** Titled Tuesday Blitz"]
[Site "Chess.com"]
[Date "2020.05.26"]
[Round "3"]
[White "WonderChampion"]
[Black "Chessacademia"]
[Result "0-1"]
[WhiteElo "1923"]
[BlackElo "2255"]
[TimeControl "180+1"]
[EndTime "10:26:16 PDT"]
[Termination "Chessacademia won by resignation"]

1. e4 e5 2. Nf3 Nf6 3. Nxe5 d6 4. Nc4 Nxe4 5. Qe2 Qe7 6. Ne3 c6 7.
d3 Nf6 8. Nc3 Be6 9. g3 g6 10.
Bg2 Bg7 11. O-O O-O 12. d4 d5 13. Rd1 Nbd7 14. b3 Rfe8 15. Bb2 Qd6 16. Na4 b5 17. Nc3 a5 18. a4 b4 19. Na2 Rab8 20. Qd2 Ne4 21.
Bxe4 dxe4 22. Qe2 f5 23. Nc4 Bxc4 24. Qxc4+ Qd5 25. Qxd5+ cxd5 26. Nc1 Rbc8 27. Rd2 Bh6 28. Re2 Rc6 29. f4 Rec8 30. c4 bxc3 31. Ba3 Bg7 32. Bc5 Nxc5 33. dxc5 d4 34. Na2 d3 35. Ree1 c2 36.
Rac1 Rxc5 37. b4 axb4 38. Nxb4 Bc3 39. Na6 Bxe1 40. Nxc5 Rxc5 41. Rxe1 d2 42. Rf1 d1=Q 0-1

[Event "*** Titled Tuesday Blitz"]
[Site "Chess.com"]
[Date "2020.05.26"]
[Round "3"]
[White "kintoho"]
[Black "wannabe2700"]
[Result "0-1"]
[WhiteElo "2426"]
[BlackElo "2724"]
[TimeControl "180+1"]
[EndTime "10:26:18 PDT"]
[Termination "wannabe2700 won by resignation"]

1. e4 e6 2. d4 d5 3. e5 c5 4.
c3 Nc6 5. g3 Qb6 6. Ne2 cxd4 7.
cxd4 Nge7 8. Bh3 Nf5 9. Bxf5 exf5 10. Nbc3 Be6 11. O-O Be7 12. h4 h6 13. Kg2 g5 14.
hxg5 hxg5 15. f4 O-O-O 16. Be3 Qxb2 17. Rb1 Qa3 18. Rb3 Qa6 19. fxg5 Na5 20. Rb1 Nc4 21. Bf4 Rhg8 22. Qd3 Bxg5 23. Nb5 Bxf4 24. Nxf4 Kb8 25. Nd6 Rd7 26. Nxe6 fxe6 27. Nxc4 dxc4 28. Qd2 Qc6+ 29. Rf3 Rg4 30. Rd1 f4 31. d5 Rxd5 32. Qe2 Rxd1 33. Qxd1 Rxg3+ 0-1

[Event "*** Titled Tuesday Blitz"]
[Site "Chess.com"]
[Date "2020.05.26"]
[Round "3"]
[White "floplover"]
[Black "White_Ghost"]
[Result "0-1"]
[WhiteElo "2233"]
[BlackElo "2489"]
[TimeControl "180+1"]
[EndTime "10:26:18 PDT"]
[Termination "White_Ghost won by checkmate"]

1. d4 Nf6 2. c4 d6 3. Nf3 Nbd7 4. Nc3 g6 5. g3 Bg7 6. Bg2 O-O 7. O-O e5 8. e4 exd4 9. Nxd4 Re8 10. h3 a6 11.
b3 Nc5 12. Re1 Ne6 13. Nxe6 Bxe6 14. Bb2 Nd7 15. Qd2 Rb8 16. f4 b5 17. cxb5 axb5 18. f5 gxf5 19. exf5 Bxf5 20. Rxe8+ Qxe8 21. Nd5 c6 22.
Qg5 Bg6 23. Ne7+ Kf8 24. Bxg7+ Kxg7 25. Bxc6 f6 26. Nf5+ Kg8 27. Qf4 Qe5 28. Bxd7 Qxa1+ 29. Kg2 Qxa2+ 30. Kf3 Qxb3+ 31. Kg4 Qd1+ 32. Qf3 Bh5+ 33.
Kf4 Qxf3# 0-1

[Event "*** Titled Tuesday Blitz"]
[Site "Chess.com"]
[Date "2020.05.26"]
[Round "3"]
[White "chegueps"]
[Black "Y0ung_Capablanca"]
[Result "1-0"]
[WhiteElo "2430"]
[BlackElo "2664"]
[TimeControl "180+1"]
[EndTime "10:26:21 PDT"]
[Termination "chegueps won by checkmate"]

1. e4 Nf6 2. e5 Nd5 3. d4 d6 4. c4 Nb6 5. f4 g6 6. Nc3 Bg7 7.
Be3 dxe5 8. fxe5 c5 9. dxc5 Qxd1+ 10. Rxd1 N6d7 11. Nd5 Na6 12. b4 e6 13. Nf6+ Bxf6 14. exf6 Nxb4 15. Rd2 Nxf6 16. Bg5 Nd7 17. Nf3 Nc6 18.
Be2 f6 19. Be3 e5 20. O-O Ke7 21. Rd6 Nf8 22. Nd2 Be6 23. Ne4 Nd7 24. Rxd7+ Bxd7 25. Nxf6 Raf8 26. Bg5 h6 27. Nd5+ Ke6 28. Nc7# 1-0

[Event "*** Titled Tuesday Blitz"]
[Site "Chess.com"]
[Date "2020.05.26"]
[Round "3"]
[White "Aygehovit1992"]
[Black "Indianlad"]
[Result "0-1"]
[WhiteElo "2685"]
[BlackElo "2987"]
[TimeControl "180+1"]
[EndTime "10:26:23 PDT"]
[Termination "Indianlad won by resignation"]

1. e4 e5 2. Bc4 Nf6 3. d3 Bc5 4. Nc3 c6 5. Nf3 d6 6. Na4 Bb4+ 7. c3 Ba5 8. b4 Bc7 9. Bb3 O-O 10. h3 d5 11. Qe2 Re8 12. O-O h6 13. Rd1 Nbd7 14. Nc5 Nf8 15. exd5 cxd5 16. Ba4 Re7 17. c4 b6 18. Nb3 Bb7 19. c5 Ng6 20. c6 Bc8 21. b5 Qd6 22. Qb2 e4 23. dxe4 Rxe4 24. Nbd4 Nh4 25.
Bc2 Rxd4 26. Qxd4 Nxf3+ 27. gxf3 Qh2+ 28. Kf1 Bxh3+ 29. Ke1 Be5 30. Qe3 Bxa1 31. Kd2 d4 32. Qe2 Bc3+ 33. Kd3 Qd6 0-1

[Event "*** Titled Tuesday Blitz"]
[Site "Chess.com"]
[Date "2020.05.26"]
[Round "3"]
[White "Kobalia"]
[Black "ehrenfeld"]
[Result "1-0"]
[WhiteElo "2800"]
[BlackElo "2445"]
[TimeControl "180+1"]
[EndTime "10:26:23 PDT"]
[Termination "Kobalia won on time"]

1. e4 e5 2. Nf3 Nc6 3. Bb5 a6 4. Ba4 Nf6 5. O-O Be7 6. d3 b5 7. Bb3 d6 8. a4 Bg4 9. c3 O-O 10. h3 Bh5 11. Nbd2 Na5 12. Ba2 c5 13. Re1 Nc6 14. Nf1 Qd7 15. Ng3 Bg6 16. Nh4 Rfe8 17.
Nhf5 Bxf5 18. Nxf5 g6 19. Nh6+ Kg7 20. Nxf7 Ng8 21.
Ng5 Bxg5 22. Bxg5 h6 23. Be3 g5 24. h4 g4 25. Qd2 Rf8 26. Bxg8 Rxg8 27. Bxh6+ Kh7 28. Bg5 Raf8 29. axb5 axb5 30. Ra6 b4 31. Rea1 Rf7 32. Qd1 Ne7 33. Ra7 Qe6 34. d4 cxd4 35.
cxd4 Ng6 36. d5 Qe8 37. Qxg4 Nf4 38. Qf5+ 1-0

[Event "*** Titled Tuesday Blitz"]
[Site "Chess.com"]
[Date "2020.05.26"]
[Round "3"]
[White "kuba2006"]
[Black "temus_galaktionov"]
[Result "0-1"]
[WhiteElo "2418"]
[BlackElo "2702"]
[TimeControl "180+1"]
[EndTime "10:26:23 PDT"]
[Termination "temus_galaktionov won on time"]

1. e4 c6 2. d4 g6 3. Nc3 Bg7 4.
Be3 d6 5. f3 Nd7 6. Qd2 e5 7.
Nge2 Ne7 8. O-O-O f5 9. dxe5 dxe5 10. exf5 Nxf5 11. Bg5 Qa5 12. g4 Nd4 13. Nxd4 exd4 14. Re1+ Ne5 15. Qxd4 O-O 16. Bc4+ Kh8 17. Bh6 Bxh6+ 18.
Kb1 Bg7 19. Qe4 Nxc4 20. Qxc4 Qc7 21. h4 Qf7 22. Qc5 Be6 23. h5 Rad8 24. hxg6 Qxg6 25. Rh5 h6 26. Rh2 Kg8 27. g5 hxg5 28. Ne4 Rd5 29. Qe7 Qf7 30. Qxg5 Rxg5 31. Nxg5 Bxa2+ 32.
Ka1 Qf6 0-1

[Event "*** Titled Tuesday Blitz"]
[Site "Chess.com"]
[Date "2020.05.26"]
[Round "3"]
[White "Charlottemillard17"]
[Black "bazar-wokzal"]
[Result "0-1"]
[WhiteElo "1451"]
[BlackElo "2458"]
[TimeControl "180+1"]
[EndTime "10:26:23 PDT"]
[Termination "bazar-wokzal won by checkmate"]

1. e4 Nc6 2. d4 d5 3. e5 h5 4. Nc3 Bg4 5. f3 Bf5 6. Be3 e6 7. Bb5 Bb4 8. Bxc6+ bxc6 9. Bd2 c5 10. a3 Bxc3 11.
Bxc3 cxd4 12. Bxd4 Ne7 13. Ne2 h4 14. h3 a5 15. Nf4 Qb8 16. Rb1 c5 17. Be3 Qxe5 18.
Qe2 d4 19. Bd2 Qxe2+ 20. Kxe2 c4 21. Rhc1 g5 22. Nxe6 fxe6 23. Bxg5 Bxc2 24. Rxc2 d3+ 25. Kd2 dxc2 26. Kxc2 Nd5 27. Re1 Kd7 28. Re4 Rag8 29. Bxh4 Rxg2+ 30. Kb1 c3 31. bxc3 Nxc3+ 32. Kc1 Nxe4 33.
Kd1 Nc3+ 34. Kc1 Rb8 35. f4 Rb1# 0-1

[Event "*** Titled Tuesday Blitz"]
[Site "Chess.com"]
[Date "2020.05.26"]
[Round "3"]
[White "bilelou"]
[Black "Richarzard69"]
[Result "1-0"]
[WhiteElo "2489"]
[BlackElo "2232"]
[TimeControl "180+1"]
[EndTime "10:26:25 PDT"]
[Termination "bilelou won by resignation"]

1. d4 Nf6 2. Nf3 c5 3. d5 d6 4. Nc3 g6 5. e4 Bg7 6. Bb5+ Bd7 7. Bxd7+ Nbxd7 8. a4 O-O 9. O-O a6 10. Re1 Rb8 11. a5 b5 12. axb6 Qxb6 13. h3 Rfe8 14. Qd3 e6 15. dxe6 Rxe6 16. Rxa6 Qc7 17. Bf4 Ne8 18.
Nb5 Qb7 19. Nxd6 Nxd6 20. Rxd6 c4 21. Qxc4 Rc8 22. Qd5 Qxd5 23. exd5 Rxd6 24. Bxd6 Rxc2 25. b4 Bc3 26. Rb1 Nb6 27. b5 Rb2 28. Rxb2 Bxb2 29. Bc5 Nxd5 30. b6 Bc1 31. g3 Ne7 32. Bxe7 1-0

[Event "*** Titled Tuesday Blitz"]
[Site "Chess.com"]
[Date "2020.05.26"]
[Round "3"]
[White "the_drake"]
[Black "pastouche06"]
[Result "0-1"]
[WhiteElo "2217"]
[BlackElo "2426"]
[TimeControl "180+1"]
[EndTime "10:26:28 PDT"]
[Termination "pastouche06 won by resignation"]

1. e4 c6 2. d4 d5 3. e5 Bf5 4. h4 h5 5. Bg5 Qb6 6. Bd3 Bxd3 7. Qxd3 e6 8. Nf3 Qa6 9. Qd2 c5 10. Nc3 Nc6 11. Ne2 cxd4 12. Nexd4 Nxd4 13. Nxd4 Ne7 14. c3 Nc6 15. Bf4 Be7 16. Nxc6 bxc6 17. Qe2 Qxe2+ 18.
Kxe2 a5 19. g3 Kd7 20. Kd3 Rab8 21. b3 Rb7 22. Bd2 Ra8 23. Rhb1 Kc7 24. c4 Bb4 25. a3 Bc5 26. Be3 Bxe3 27. Kxe3 Rab8 28. b4 axb4 29.
axb4 Rxb4 30. cxd5 Rxb1 31. d6+ Kd7 32. Ra7+ R1b7 33.
Ra6 Rb3+ 34. Ke2 f6 35. f4 fxe5 36. fxe5 R3b5 37. Ra7+ R8b7 38. Ra8 Rxe5+ 39. Kf3 Rf5+ 40. Ke4 Rb4+ 41. Ke3 Kxd6 42. Rg8 Rg4 0-1

[Event "*** Titled Tuesday Blitz"]
[Site "Chess.com"]
[Date "2020.05.26"]
[Round "3"]
[White "Flawless_Fighter"]
[Black "Bhagya_2312"]
[Result "1-0"]
[WhiteElo "2470"]
[BlackElo "2102"]
[TimeControl "180+1"]
[EndTime "10:26:29 PDT"]
[Termination "Flawless_Fighter won by resignation"]

1. e4 c6 2. d4 d5 3. exd5 cxd5 4. Bd3 Nc6 5. c3 Nf6 6. h3 g6 7. Qc2 Bg7 8. Nf3 O-O 9. O-O Qc7 10. Re1 Re8 11. Be3 e5 12. dxe5 Nxe5 13. Nxe5 Qxe5 14. Nd2 Qc7 15. Bd4 Be6 16. Nf3 Rac8 17. Qd2 Nd7 18.
Bxg7 Kxg7 19. Nd4 Nc5 20. Rad1 Bd7 21. Bc2 Ne4 22. Qd3 Nd6 23. Qg3 Qb6 24. Bb3 Nc4 25.
Rb1 a5 26. Bxc4 dxc4 27. Re5 Rc5 28. Rxe8 Bxe8 29. Re1 Bd7 30. Re2 Qf6 31. Qb8 Bc6 32. Qc7 Qg5 33. Ne6+ 1-0

[Event "*** Titled Tuesday Blitz"]
[Site "Chess.com"]
[Date "2020.05.26"]
[Round "3"]
[White "Infernal_XaM"]
[Black "emperor87"]
[Result "1-0"]
[WhiteElo "2830"]
[BlackElo "2611"]
[TimeControl "180+1"]
[EndTime "10:26:32 PDT"]
[Termination "Infernal_XaM won by resignation"]

1. c4 e5 2. Nc3 Nf6 3. e3 Bb4 4.
Nge2 O-O 5. a3 Bxc3 6. Nxc3 c6 7.
d4 e4 8. d5 d6 9. Be2 cxd5 10.
Nxd5 Nc6 11. O-O Be6 12. Nf4 Ne5 13. b3 Qe7 14. Bb2 Bf5 15. Qd4 g5 16. Nd5 Nxd5 17. Qxd5 Rad8 18. Rad1 Rfe8 19. Rd2 Bg6 20. Rfd1 b6 21.
Bxe5 dxe5 22. Qxd8 Rxd8 23. Rxd8+ Kg7 24. b4 a5 25. R8d6 axb4 26. axb4 Qa7 27. h3 h5 28. R6d2 Bf5 29. Bxh5 Be6 30. Be2 Qa3 31. Rb1 Qc3 32. Rdd1 f5 33. c5 bxc5 34. b5 f4 35. b6 Bc8 36. exf4 exf4 37. Bg4 Ba6 38. b7 Bxb7 39. Rxb7+ Kf6 40. Rb6+ 1-0

[Event "*** Titled Tuesday Blitz"]
[Site "Chess.com"]
[Date "2020.05.26"]
[Round "3"]
[White "LedakovAlexandr"]
[Black "tigra"]
[Result "0-1"]
[WhiteElo "2520"]
[BlackElo "2757"]
[TimeControl "180+1"]
[EndTime "10:26:33 PDT"]
[Termination "tigra won by resignation"]

1. d4 Nf6 2. Nf3 e6 3. Bg5 c5 4. e3 h6 5. Bh4 Nc6 6. c3 g5 7.
Bg3 Ne4 8. Nbd2 Nxg3 9. hxg3 d5 10. Bd3 Qb6 11. Rb1 Bg7 12. g4 Bd7 13. Nh2 cxd4 14. exd4 e5 15. dxe5 Nxe5 16. Be2 O-O 17. O-O Rad8 18.
Nb3 Ba4 19. Re1 Rfe8 20. Nf1 Re6 21. Ng3 d4 22. cxd4 Rxd4 23. Qc2 Rf4 24. Bf1 Nxg4 25. Qc8+ Bf8 26. Qc5 Bxc5 0-1

[Event "*** Titled Tuesday Blitz"]
[Site "Chess.com"]
[Date "2020.05.26"]
[Round "3"]
[White "DivyaDeshmukh23"]
[Black "Bulldog167"]
[Result "0-1"]
[WhiteElo "2434"]
[BlackElo "2770"]
[TimeControl "180+1"]
[EndTime "10:26:33 PDT"]
[Termination "Bulldog167 won by resignation"]

1. e4 c5 2. Nf3 d6 3. d4 cxd4 4.
Nxd4 Nf6 5. Nc3 a6 6. Bg5 Nbd7 7. f4 Qc7 8. Qf3 b5 9. O-O-O Bb7 10. Bd3 g6 11. Rhe1 Bg7 12. Nd5 Nxd5 13. exd5 Nf6 14. Nc6 Bxc6 15. dxc6 d5 16. Bxf6 Bxf6 17. Qxd5 Qxf4+ 18. Kb1 O-O 19. Be4 Rac8 20. g3 Qf2 21. Bg2 Kg7 22. Qe4 Qc5 23. h4 Rfd8 24. Bf3 a5 25. h5 b4 26. hxg6 hxg6 27. Qf4 a4 28. Rxd8 Rxd8 29.
c7 Rc8 30. Rh1 Qxc7 31. Qh6+ Kg8 32. Be4 Qe5 33. c3 Qxe4+ 0-1

[Event "*** Titled Tuesday Blitz"]
[Site "Chess.com"]
[Date "2020.05.26"]
[Round "3"]
[White "Chessdemon2019"]
[Black "Olkaa"]
[Result "1-0"]
[WhiteElo "2307"]
[BlackElo "2606"]
[TimeControl "180+1"]
[EndTime "10:26:34 PDT"]
[Termination "Chessdemon2019 won on time"]

1. e4 c5 2. Nf3 Nc6 3. Bb5 g6 4. Bxc6 dxc6 5. d3 Bg7 6. Nc3 Nf6 7. Be3 b6 8. Qd2 Ng4 9. Bg5 h6 10. Bh4 O-O 11. h3 Nf6 12. O-O e5 13. Nxe5 Nxe4 14.
Qf4 Ng5 15. Nxc6 Qd7 16. Ne5 Qd6 17. Rae1 Bb7 18. Bxg5 hxg5 19. Qxg5 Rae8 20. Ng4 f5 21. Ne3 Qc6 22. Ned5 Bxc3 23. Rxe8 Qxd5 24. Qxg6+ Bg7 25. Rxf8+ Kxf8 26. Re1 Qf7 27. Qd6+ Kg8 28. Re7 Qd5 29.
Qg3 Qd4 30. Rxb7 1-0

[Event "*** Titled Tuesday Blitz"]
[Site "Chess.com"]
[Date "2020.05.26"]
[Round "3"]
[White "aNaartjieZA"]
[Black "ErikBlomqvist"]
[Result "0-1"]
[WhiteElo "2578"]
[BlackElo "2433"]
[TimeControl "180+1"]
[EndTime "10:26:35 PDT"]
[Termination "ErikBlomqvist won by resignation"]

1. e4 c5 2. Nf3 e6 3. d3 Nc6 4.
g3 d5 5. Nbd2 Nf6 6. Bg2 g6 7. O-O Bg7 8. Re1 O-O 9. h4 e5 10.
exd5 Nxd5 11. Nc4 Bg4 12. Qd2 f6 13. a3 Qd7 14. Nh2 Be6 15. Qd1 Rad8 16. Bd2 b5 17. Ne3 Nxe3 18. Bxe3 Nd4 19. h5 a5 20. hxg6 hxg6 21. Rb1 a4 22. Bxd4 cxd4 23. Nf3 Bg4 24. Qd2 Rc8 25. Rec1 Kh7 26. Qe2 Bh6 27. Re1 Rc5 28.
Kh2 Rfc8 29. c3 dxc3 30. bxc3 Rxc3 31. Qe4 Rxd3 32. Nh4 Bf5 33. Nxf5 gxf5 34. Qh4 Kg7 35. Qb4 Bd2 0-1

[Event "*** Titled Tuesday Blitz"]
[Site "Chess.com"]
[Date "2020.05.26"]
[Round "3"]
[White "MathiasWomacka"]
[Black "wnstop"]
[Result "0-1"]
[WhiteElo "2380"]
[BlackElo "2587"]
[TimeControl "180+1"]
[EndTime "10:26:36 PDT"]
[Termination "wnstop won by resignation"]

1. e4 c5 2. Nf3 Nc6 3. d4 cxd4 4. Nxd4 e5 5. Nb5 d6 6. c4 Be7 7. N1c3 a6 8. Na3 Be6 9. Be2 Nd4 10. O-O Nxe2+ 11.
Qxe2 Rc8 12. Be3 Qc7 13. Rfd1 Nf6 14. Bg5 Bxc4 15. Nxc4 Qxc4 16. Qxc4 Rxc4 17. Bxf6 gxf6 18. Rac1 Kd7 19. Nd5 Rxc1 20. Rxc1 Bd8 21. g3 h5 22.
Kg2 Rg8 23. Kf3 Rg4 24. h3 Rg6 25. a4 Rg5 26. b4 f5 27. b5 fxe4+ 28. Kxe4 f5+ 29.
Kd3 h4 30. bxa6 bxa6 31. gxh4 Rh5 32. Nb4 Rxh4 33. Nxa6 Rxa4 34. Nb8+ Ke6 35. Nc6 Bb6 36. Rb1 Bxf2 37. Nd8+ Kd5 38. Rb5+ Bc5 39. Rb7 Ra3+ 40. Ke2 Rxh3 0-1

[Event "*** Titled Tuesday Blitz"]
[Site "Chess.com"]
[Date "2020.05.26"]
[Round "3"]
[White "CookiesAndIceCream"]
[Black "MilosJi"]
[Result "0-1"]
[WhiteElo "2324"]
[BlackElo "2526"]
[TimeControl "180+1"]
[EndTime "10:26:36 PDT"]
[Termination "MilosJi won by resignation"]

1. e4 d5 2. exd5 Qxd5 3. Nc3 Qd6 4. d4 Nf6 5. Nf3 c6 6. Ne5 Nbd7 7. f4 g6 8. Bc4 Nd5 9. Ne4 Qc7 10. O-O Bg7 11.
Nxf7 Kxf7 12. Ng5+ Kg8 13. f5 Nb6 14. Bf4 Qd8 15. fxg6 hxg6 16. Bb3 Bf5 17. g4 Bd7 18.
c4 Nf6 19. d5 Bxg4 20. Qd3 Bf5 21. Qe3 Rh4 22. Rad1 c5 23. Qxc5 Nh5 24. Qe3 Nxf4 25. Rxf4 Rxf4 26. Qxf4 Qd6 27. Qh4 Nd7 28. Qh7+ Kf8 29.
Ne6+ Bxe6 30. dxe6 Qc5+ 31. Kh1 Qc6+ 32. Kg1 Qxe6 33. c5 Qg4+ 34. Kf2 Nf6 35. Rg1 Qxg1+ 36. Kxg1 Nxh7 0-1

[Event "*** Titled Tuesday Blitz"]
[Site "Chess.com"]
[Date "2020.05.26"]
[Round "3"]
[White "ShahMatKanal"]
[Black "Msb2"]
[Result "0-1"]
[WhiteElo "2456"]
[BlackElo "2872"]
[TimeControl "180+1"]
[EndTime "10:26:38 PDT"]
[Termination "Msb2 won on time"]

1. d4 d5 2. c4 c6 3. Nf3 Nf6 4. e3 Bf5 5. Nc3 e6 6. Be2 Nbd7 7. O-O Bd6 8. Qb3 Rb8 9. c5 Bc7 10. Qa4 a6 11. b4 O-O 12. Bb2 e5 13. dxe5 Nxe5 14. Rfd1 Qe7 15. Qb3 Rfe8 16. Nd4 Bd7 17. h3 Ng6 18. Bd3 Qe5 19. Nf3 Qh5 20. Be2 Bxh3 21.
gxh3 Qxh3 22. Rd4 Ng4 23. Rxg4 Qxg4+ 24. Kf1 Qh3+ 25. Ke1 Nf4 26. Nd1 Nxe2 27. Kxe2 Re6 28. Qc3 Qg4 29. Qd4 Re4 30. Qd3 Rbe8 31. Nc3 Rf4 32.
Rg1 Qxf3+ 0-1

[Event "*** Titled Tuesday Blitz"]
[Site "Chess.com"]
[Date "2020.05.26"]
[Round "3"]
[White "jacky72"]
[Black "underdogchss"]
[Result "1-0"]
[WhiteElo "2644"]
[BlackElo "2410"]
[TimeControl "180+1"]
[EndTime "10:26:38 PDT"]
[Termination "jacky72 won by resignation"]

1. d4 Nf6 2. c4 e6 3. Nf3 b6 4. g3 Ba6 5. Qc2 Bb7 6. Bg2 c5 7. d5 exd5 8. cxd5 Nxd5 9. O-O Be7 10. Rd1 Nc6 11. Qf5 Nc7 12. Nc3 Ne6 13. Ne5 Nxe5 14. Bxb7 Rb8 15. Bg2 Nc6 16. e3 g6 17. Qg4 Rc8 18.
b3 O-O 19. Bb2 Bf6 20. Rd2 Bg7 21. Rad1 Qe8 22. Qa4 Rc7 23. Nb5 Bxb2 24. Nxc7 Nxc7 25. Rxb2 d5 26. Bxd5 Nb4 27. Qxe8 Rxe8 28. Bf3 Re7 29.
Rd8+ Kg7 30. a3 Ne6 31. Rd6 Na6 32. b4 Nac7 33. Bc6 cxb4 34. axb4 b5 35. Ra2 a6 36. Bb7 h5 37. Bxa6 Nxa6 38. Raxa6 h4 39. gxh4 Rc7 40. Rab6 Rc1+ 41. Kg2 Rc2 42. Rxb5 1-0

[Event "*** Titled Tuesday Blitz"]
[Site "Chess.com"]
[Date "2020.05.26"]
[Round "3"]
[White "Semen_Khanin"]
[Black "lachesisQ"]
[Result "0-1"]
[WhiteElo "2697"]
[BlackElo "3152"]
[TimeControl "180+1"]
[EndTime "10:26:39 PDT"]
[Termination "lachesisQ won by resignation"]

1. e4 c5 2. Nf3 d6 3. d4 cxd4 4.
Nxd4 Nf6 5. Nc3 a6 6. f3 e5 7. Nb3 Be7 8. Be3 Be6 9. Qd2 h5 10.
Nd5 Bxd5 11. exd5 Nbd7 12. Be2 O-O 13. c4 Qb8 14. O-O Bd8 15. Rac1 Re8 16. c5 dxc5 17. Nxc5 Bb6 18. b4 a5 19. Bb5 Rd8 20. a3 axb4 21.
axb4 Nxc5 22. bxc5 Rxd5 23. Qc2 Ra5 24. Rb1 Qc7 25.
Rfc1 Ba7 26. Bf2 e4 27. fxe4 Rg5 28. h3 Ra3 29. Kh1 Qf4 30. Qe2 Bb8 31. Bg1 Nxe4 0-1

[Event "*** Titled Tuesday Blitz"]
[Site "Chess.com"]
[Date "2020.05.26"]
[Round "3"]
[White "Unknown_IM"]
[Black "SGchess01"]
[Result "0-1"]
[WhiteElo "2536"]
[BlackElo "2769"]
[TimeControl "180+1"]
[EndTime "10:26:39 PDT"]
[Termination "SGchess01 won by resignation"]

1. e4 Nf6 2. e5 Nd5 3. d4 d6 4. c4 Nb6 5. exd6 exd6 6. Nc3 Be7 7. h3 O-O 8. Nf3 Nc6 9. Be2 Bf6 10. O-O Re8 11. Be3 Bf5 12. Rc1 d5 13. c5 Nc4 14.
Bxc4 dxc4 15. b3 Bd3 16. Re1 Nxd4 17. Bxd4 Rxe1+ 18. Nxe1 Bxd4 19. bxc4 Bxc4 20. Ne2 Bxe2 21. Qxe2 Qd5 22. Nd3 h6 23. Nf4 Qf5 24. Nd3 Rd8 25.
c6 b5 26. Nb4 a5 27. Nc2 Bb6 28. Ne3 Qe5 29. Re1 Rd6 30. Qc2 Qc5 31. Qxc5 Bxc5 32. Rb1 Bxe3 33. fxe3 b4 34. Rc1 Rd2 35. a3 0-1

[Event "*** Titled Tuesday Blitz"]
[Site "Chess.com"]
[Date "2020.05.26"]
[Round "3"]
[White "zala02"]
[Black "pedromartinez91"]
[Result "1-0"]
[WhiteElo "2253"]
[BlackElo "2513"]
[TimeControl "180+1"]
[EndTime "10:26:39 PDT"]
[Termination "zala02 won by checkmate"]

1. d4 e6 2. c4 b6 3. Nc3 Bb7 4. Nf3 Nf6 5. Bg5 Bb4 6. e3 h6 7. Bh4 g5 8. Bg3 Ne4 9. Rc1 h5 10. h4 Nxg3 11. fxg3 g4 12. Ne5 d6 13. Nd3 Bxc3+ 14.
Rxc3 Nd7 15. c5 Nf6 16. c6 Ba6 17. Nf2 Bxf1 18. Kxf1 Nd5 19. Rd3 Qf6 20. Kg1 Qh6 21. Qe2 Ke7 22. Kh2 Nb4 23. Rb3 Nd5 24. e4 Nf6 25. e5 Ne8 26. Ne4 Rd8 27. Rf1 dxe5 28.
dxe5 Rd5 29. Ng5 Rf8 30. Rb4 Qg7 31. Re4 a5 32. Qe3 Rc5 33. b4 axb4 34. Rxb4 Qxe5 35. Re4 Qc3 36. Rxe6+ Kd8 37. Nxf7+ Kc8 38. Rxe8+ Rxe8 39.
Qxe8# 1-0

[Event "*** Titled Tuesday Blitz"]
[Site "Chess.com"]
[Date "2020.05.26"]
[Round "3"]
[White "pooh2012"]
[Black "Anton_Demchenko"]
[Result "0-1"]
[WhiteElo "2453"]
[BlackElo "2842"]
[TimeControl "180+1"]
[EndTime "10:26:40 PDT"]
[Termination "Anton_Demchenko won on time"]

1. e4 e5 2. Nf3 Nc6 3. Bc4 Nf6 4.
d3 Be7 5. O-O O-O 6. c3 d6 7. h3 Kh8 8. Ng5 Qe8 9. a4 h6 10.
Nf3 Ng8 11. d4 f5 12. exf5 e4 13. Nh2 Bxf5 14. Re1 Qg6 15. Kh1 Nf6 16. Be3 d5 17. Be2 Bd6 18. Nd2 Ne7 19. c4 c6 20. Rb1 Be6 21.
c5 Bc7 22. b4 Nf5 23. Ndf1 Nh4 24. g4 Nh7 25. Ng3 Ng5 26. Bf1 Ngf3 27. Nxf3 Rxf3 28.
Bg2 Nxg2 29. Kxg2 Raf8 30. b5 h5 0-1